Map: Thunderbird LE

Players

VaeVictus

  • Race: Protoss Protoss
  • League: Diamond
  • Spawn Location: 11:00

YellowSnow - Winner!

  • Race: Terran Terran
  • League: Diamond
  • Spawn Location: 5:00

VOD

Have the link to the VOD?

Description

Time

  • Played on: Nov. 26, 2019, 10:49 a.m.
  • Length: 11:13
Show
View Real Time Build Order
Export as new Build Order

VaeVictus Protoss 

Build Orders:  

Get SALT Encoding   

  12  0:00  Probe  
  13  0:13  Probe  
  14  0:19  Pylon  
  14  0:25  Probe  
  15  0:37  Probe (Chrono Boost)  
  15  0:41  Gateway  
  16  0:46  Probe (Chrono Boost)  
  16  0:47  Assimilator  
  17  0:51  Probe (Chrono Boost)  
  18  1:03  Probe  
  19  1:15  Probe  
  20  1:32  Zealot (Chrono Boost)  
  20  1:34  Gateway  
  20  1:36  Cybernetics Core  
  22  1:41  Probe  
  22  1:43  Pylon  
  22  1:46  Assimilator  
  23  2:02  Probe  
  24  2:10  Stalker (Chrono Boost)  
  24  2:14  Probe  
  27  2:15  Pylon  
  26  2:23  Warp Gate  
  26  2:26  Probe, Stalker (Chrono Boost)  
  29  2:38  Probe  
  30  2:44  Stalker  
  32  2:55  Nexus  
  32  3:02  Pylon  
  32  3:05  Probe  
  32  3:12  Stalker  
  35  3:22  Stalker  
  35  3:24  Probe  
  38  3:32  Robotics Facility  
  38  3:49  Probe  
  39  3:58  Stalker x2  
  42  4:17  Probe x2 (Chrono Boost)  
  44  4:29  Probe x2 (Chrono Boost)  
  44  4:40  Probe x2 (Chrono Boost)  
  44  4:42  Stalker x2  
  50  4:51  Probe (Chrono Boost)  
  52  4:55  Probe (Chrono Boost)  
  52  4:57  Probe (Chrono Boost)  
  53  5:02  Probe, Observer  
  53  5:06  Probe  
  56  5:14  Probe  
  56  5:15  Gateway  
  56  5:18  Probe  
  56  5:20  Assimilator  
  58  5:22  Assimilator  
  58  5:25  Observer  
  59  5:44  Probe x2  
  61  5:54  Robotics Bay  
  61  5:55  Gateway, Nexus  
  61  5:56  Probe, Gateway  
  61  5:57  Pylon  
  62  6:03  Stalker  
  60  6:11  Stalker, Shield Battery  
  60  6:12  Shield Battery  
  60  6:14  Shield Battery  
  60  6:16  Pylon  
  60  6:17  Pylon  
  62  6:23  Stalker  
  62  6:27  Observer, Immortal  
  66  6:34  Stalker  
  68  6:57  Stalker x4  
  68  6:59  Stalker  
  78  7:07  Immortal  
  78  7:23  Pylon  
  78  7:25  Stalker x5  
  78  7:28  Probe x3  
  91  7:39  Robotics Bay  
  91  7:40  Probe x3  
  94  7:53  Probe x3  
  97  7:59  Immortal (Chrono Boost)  
  102  8:05  Probe x3  
  102  8:06  Gateway  
  102  8:09  Stalker x2  
  108  8:15  Twilight Council  
  108  8:18  Forge  
  80  8:34  Stalker x3  
  80  8:35  Stalker x2  
  86  8:51  Immortal  
  82  8:58  Stalker x3  
  82  9:02  Probe x3  
  91  9:07  Assimilator  
  91  9:12  Assimilator  
  91  9:14  Probe x2  
  93  9:20  Probe  
  93  9:23  Stalker x3  
  93  9:24  Stalker  
  102  9:26  Probe x2  
  104  9:34  Sentry  
  104  9:37  Probe  
  104  9:38  Probe x2  
  109  9:57  Pylon  
  109  9:58  Pylon  
  109  9:59  Pylon  
  109  10:15  Colossus (Chrono Boost), Dark Shrine  
  77  10:50  Stalker x5  
Show
View Real Time Build Order
Export as new Build Order

YellowSnow Terran - Winner!

Build Orders: Reaper Expand 

Get SALT Encoding   

  12  0:01  SCV  
  13  0:13  SCV  
  14  0:17  Supply Depot  
  14  0:25  SCV  
  15  0:39  SCV  
  16  0:46  Barracks, Refinery  
  16  0:51  SCV  
  17  1:03  SCV  
  18  1:13  Engineering Bay  
  18  1:15  SCV  
  19  1:33  Reaper  
  19  1:36  Orbital Command  
  20  1:57  Command Center  
  20  2:02  SCV  
  21  2:12  Barracks  
  21  2:19  Refinery  
  21  2:20  SCV  
  22  2:25  Barracks Reactor  
  22  2:28  Supply Depot  
  22  2:32  SCV  
  23  2:50  SCV  
  24  2:53  Bunker  
  24  3:00  Barracks Tech Lab  
  24  3:02  SCV, Marine x2  
  27  3:12  Factory  
  28  3:13  Orbital Command  
  28  3:15  Refinery  
  27  3:23  Marauder, Marine x2  
  27  3:26  Stimpack  
  31  3:28  SCV  
  32  3:38  Supply Depot  
  32  3:40  SCV  
  33  3:42  Marine x2  
  35  3:49  SCV  
  36  4:00  Marauder  
  36  4:01  SCV  
  39  4:05  Factory Reactor  
  39  4:06  Starport  
  39  4:08  Supply Depot  
  39  4:09  Marine x2  
  41  4:21  SCV  
  41  4:23  Marauder  
  44  4:28  Marine x2  
  45  4:39  SCV  
  46  4:49  Supply Depot  
  46  4:50  Medivac  
  46  4:51  Medivac, SCV  
  51  4:57  Marine  
  52  5:03  Marauder, SCV  
  52  5:04  Marine  
  52  5:06  Combat Shield  
  56  5:15  SCV, Marine  
  56  5:19  Supply Depot  
  58  5:21  Medivac x2  
  62  5:33  Supply Depot  
  62  5:34  Liberator  
  60  5:36  Marauder, Marine x2  
  60  5:37  Hellion  
  63  5:47  SCV  
  63  5:49  Supply Depot  
  64  6:06  Liberator  
  64  6:08  Orbital Command  
  64  6:19  SCV  
  64  6:24  Marauder, Marine x2  
  72  6:35  Supply Depot, Liberator  
  72  6:42  SCV, Marine x2  
  72  6:45  SCV, Marine  
  77  6:50  Liberator  
  83  7:08  Marine  
  83  7:09  Marauder  
  83  7:11  SCV  
  83  7:12  SCV  
  85  7:18  Liberator  
  84  7:25  Supply Depot  
  84  7:26  Barracks  
  84  7:29  Barracks, SCV x2  
  86  7:33  Liberator  
  89  7:41  Marine  
  89  7:42  Marauder  
  92  7:47  Supply Depot, SCV x2  
  97  7:59  SCV x2  
  97  8:01  Liberator  
  97  8:04  Marauder, Marine  
  102  8:11  Refinery, SCV x2  
  104  8:15  Refinery  
  107  8:23  SCV  
  96  8:29  Marine x2  
  96  8:30  Marauder  
  92  8:44  Marine  
  92  8:45  SCV x2  
  86  8:51  Marauder  
  86  8:53  Marine x2  
  77  9:00  Liberator x2  
  70  9:07  Barracks Tech Lab  
  70  9:08  Barracks Tech Lab  
  70  9:09  SCV  
  71  9:10  SCV  
  71  9:12  Command Center  
  71  9:13  Marauder  
  71  9:16  Marine x2  
  75  9:22  SCV x2  
  83  9:27  Concussive Shells  
  83  9:29  Widow Mine  
  83  9:30  Engineering Bay  
  85  9:34  Marauder, SCV, Marine  
  85  9:37  Supply Depot  
  85  9:38  Marauder x2  
  93  9:42  Marine  
  94  9:52  Widow Mine, Marine  
  97  9:55  Marauder  
  97  9:58  Marine  
  97  9:59  Marine  
  101  10:06  Marine  
  102  10:09  Marine  
  102  10:11  Supply Depot  
  103  10:14  Engineering Bay  
  103  10:16  Marine  
  103  10:17  Marauder x2  
  103  10:18  Barracks  
  108  10:24  Marine  
  108  10:27  Marine  
  110  10:38  Marine x2  
  110  10:39  Marauder  
  110  10:42  Marine  
  106  10:45  Marine  
Tags
 
Add a new tag
Caveats
  • Supply blocks, unpowered buildings, or Contaminate may cause inaccurate times.
  • Supply counts are checked every 10 seconds.